AoeStats
← chrisgrm

African Clearing

510474530Analyzed
3v3 RM · 2d ago on Oct 1, 2026· 34m 15s· 6 players
Game mode
Random Map
Map size
Normal (6 player)
Population
200
Speed
Normal
Resources
Standard
Victory
Conquest
Starting age
Dark Age
Ending age
Imperial Age
RankedLock teamsTeams togetherTeam positionsShared explorationLock speedFull tech treeHidden civsTurbo modeCheats
Victory
Defeat
🇨🇴 Chinese · Colombia
1138
+14
🇨🇴 Teutons · Colombia
1136
+14
🇨🇴 Gurjaras · Colombia
1007
+20
🇦🇺 Wu · Australia
1107
-17
🇻🇳 Saxons · Vietnam
1096
-16
🇦🇷 Franks · Argentina
1067
-15
chrisgrm
10:46 Loom
14:53 Feudal Age
16:38 Wheelbarrow
15:51 Double-Bit Axe
17:16 Town Watch
22:45 Fletching
25:05 Castle Age
25:53 Bodkin Arrow
25:19 Crossbowman
26:08 Thumb Ring
26:46 Padded Archer Armor
35:07 Ballistics
kenneth3011
6:59 Loom
12:44 Feudal Age
14:28 Wheelbarrow
21:04 Castle Age
19:32 Double-Bit Axe
19:42 Stone Mining
19:42 Gold Mining
22:09 Hand Cart
26:41 Town Watch
28:01 Town Patrol
33:51 Bow Saw
34:22 Fletching
Nidagumo
10:51 Loom
16:34 Feudal Age
17:06 Double-Bit Axe
18:33 Wheelbarrow
18:58 Horse Collar
24:52 Castle Age
22:59 Gold Mining
23:41 Padded Archer Armor
24:53 Town Watch
25:26 Bloodlines
27:40 Husbandry
31:07 Fletching
Rogue
PaaaaatroN
16:00 Feudal Age
14:22 Loom
17:55 Wheelbarrow
20:14 Castle Age
18:28 Double-Bit Axe
20:54 Scale Barding Armor
ASH
4:12 Loom
14:06 Feudal Age
14:55 Double-Bit Axe
19:06 Forging
21:21 Castle Age
20:44 Horse Collar
22:24 Bow Saw
22:45 Heavy Plow
23:01 Scale Mail Armor
23:03 Stone Mining
24:46 Squires
25:54 Chain Mail Armor
27:25 Wheelbarrow
30:03 Iron Casting
29:44 Arson
30:57 Hand Cart
31:44 Gold Mining
33:03 Fletching
Connection lost

Rejoining the realm…

Still unreachable

The connection could not be restored.

Session expired

The server has moved on; the page needs a fresh start.